 Dungeon Crawl Stone Soup version 0.22-a0-423-g4197694 (webtiles) character file.

24 incide the Covered (level 3, -1/31 HPs)
             Began as a Gnoll Wanderer on May 23, 2018.
             Slain by Natasha (6 damage)
             ... on level 2 of the Dungeon.
             The game lasted 00:01:44 (182 turns).

incide the Covered (Gnoll Wanderer)                  Turns: 182, Time: 00:01:45

Health: -1/31      AC:  6    Str: 15    XL:     3   Next: 2%
Magic:  3/3        EV:  7    Int: 15    God:
Gold:   6          SH:  7    Dex: 13    Spells: 3/3 levels left

rFire    . . .     SeeInvis .   a - +2 dagger
rCold    . . .     Gourm    .   g - +0 shield
rNeg     . . .     Faith    .   e - +0 ring mail
rPois    .         Spirit   .   (no helmet)
rElec    .         Reflect  .   (no cloak)
rCorr    .         Harm     .   (no gloves)
MR       .....                  (no boots)
Stlth    +.........             (no amulet)
HPRegen  0.10/turn              (no ring)
MPRegen  0.08/turn              (no ring)

@: no status effects
A: distributed training, fangs 1, strong nose
a: no special abilities


You were on level 2 of the Dungeon.
You were not hungry.

You visited 1 branch of the dungeon, and saw 2 of its levels.

You collected 6 gold pieces.

Inventory:

Hand Weapons
 a - a +2 dagger (weapon)
 c - a +0 hand crossbow
Missiles
 d - 51 bolts
 i - 3 tomahawks (quivered)
Armour
 e - a +0 ring mail (worn)
 g - a +0 shield (worn)
Scrolls
 k - a scroll of enchant armour {unknown}
Potions
 b - a potion of haste
 h - 2 potions of curing {unknown}
 j - a potion of degeneration {unknown}
 l - a potion of might {unknown}
Comestibles
 f - 2 rations
 m - 8 chunks of flesh {@w1}


   Skills:
 + Level 4.5 Fighting
 + Level 0.5 Short Blades
 + Level 0.5 Long Blades
 + Level 2.5 Axes
 + Level 0.5 Maces & Flails
 + Level 0.5 Polearms
 + Level 0.5 Staves
 + Level 0.5 Slings
 + Level 0.5 Bows
 + Level 4.5 Crossbows
 + Level 2.5 Throwing
 + Level 6.5 Armour
 + Level 0.5 Dodging
 + Level 2.3 Stealth
 + Level 0.5 Shields
 + Level 0.5 Unarmed Combat
 + Level 0.5 Spellcasting
 + Level 0.4 Conjurations
 + Level 0.4 Hexes
 + Level 0.4 Charms
 + Level 0.4 Summonings
 + Level 0.4 Necromancy
 + Level 0.4 Translocations
 + Level 0.4 Transmutations
 + Level 0.4 Fire Magic
 + Level 0.4 Ice Magic
 + Level 0.4 Air Magic
 + Level 0.4 Earth Magic
 + Level 0.4 Poison Magic
 + Level 0.7 Invocations
 + Level 0.5 Evocations


You had 3 spell levels left.
You didn't know any spells.
Your spell library was empty.

Dungeon Overview and Level Annotations

Branches:
Dungeon (2/15)

Altars:

Annotations:
D:2 Natasha


Innate Abilities, Weirdness & Mutations

Your experience applies equally to all skills.
You have very sharp teeth.
Your uncanny sense of smell can sniff out nearby items.


Message History

You bite Natasha, but do no damage. Natasha claws you but does no damage.
Your shield prevents you from hitting Natasha.
Natasha claws you!
You barely miss Natasha. Your bite misses Natasha. Natasha claws you.
* * * LOW HITPOINT WARNING * * *
You miss Natasha. Natasha claws you but does no damage.
Throwing (i - inventory)
i - 4 tomahawks (quivered)
Press: ? - help, Shift-Dir - straight line, f/p - Natasha
Aim: Natasha You throw a tomahawk.
The tomahawk closely misses Natasha.
Natasha claws you but does no damage.
You hit Natasha.
Natasha is lightly wounded.
Natasha claws you.
* * * LOW HITPOINT WARNING * * *
You hit Natasha.
Natasha is moderately wounded.
Natasha casts a spell.
Natasha claws you.
You die...

#.#..##.......#
#....##.......#
#....##.......#
#.............#
##.#..#.......#
#.....###÷###.#
##.##.###.###.#####
##.##.##..........
#..5.@##..#.#..##
##.##h##...<...# #
.........##.#
##.##.#### # ∆
...##. ###(...
#####


You could see Natasha and a white imp.

Vanquished Creatures
  An adder (D:2)
  2 leopard geckos
  A bat (D:1)
  A giant cockroach (D:1)
  A goblin (D:1)
  A hobgoblin (D:2)
  4 jackals (D:2)
11 creatures vanquished.

Notes
Turn   | Place    | Note
-------+----------+-------------------------------------------
     0 | D:1      | incide the Gnoll Wanderer began the quest for the Orb.
     0 | D:1      | incide set off with: a +2 dagger, a potion of haste, a +0 hand crossbow, 25 bolts, a +0 ring mail, a ration
     0 | D:1      | Reached XP level 1. HP: 20/20 MP: 1/1
   130 | D:2      | Reached XP level 2. HP: 23/26 MP: 2/2
   159 | D:2      | Reached XP level 3. HP: 17/31 MP: 3/3
   171 | D:2      | Noticed Natasha
   181 | D:2      | HP: 5/31 [Natasha (4)]
   182 | D:2      | Slain by Natasha

Vault maps used:
D:1:      giann_forest_graveyard, doesnt_xom_only_xom
D:2:      lemuel_zombie_altar_yredelemnul, first_ration, uniq_natasha,
          uniq_sigmund, uniq_crazy_yiuf_cottage

Action                   || total
-------------------------++-------
Melee: Dagger            ||    55
       Bite              ||     6
Throw: Tomahawk          ||     2
Armor: Ring mail         ||    31
Dodge: Dodged            ||    11
Block: Shield            ||    10

Table legend:
 A = Spawn XP
 B = Non-spawn XP
 C = Spawn XP percentage of total XP
 D = Spawn monster count
 E = Non-spawn monster count
 F = Spawn count percentage of total count
 G = Total turns spent on level
                    A         B        C        D         E        F      G
               +---------+---------+-------+---------+---------+-------+---------
         Total |       0 |      35 |   0.0 |       0 |      11 |   0.0 |   182
               +---------+---------+-------+---------+---------+-------+---------
           D:1 |       0 |       9 |   0.0 |       0 |       4 |   0.0 |   115
           D:2 |       0 |      26 |   0.0 |       0 |       7 |   0.0 |    67
               +---------+---------+-------+---------+---------+-------+---------
